 Dungeon Crawl Stone Soup version 0.20.0-15-g7f486f2 (webtiles) character file.

1817 Name63 the Geomancer (level 9, -6/45 HPs)
             Began as a Gargoyle Earth Elementalist on June 12, 2017.
             Was a Follower of Vehumet.
             Splashed by a jelly's acid (7 damage)
             ... on level 6 of the Dungeon.
             The game lasted 00:14:14 (7272 turns).

Name63 the Geomancer (Gargoyle Earth Elementalist)  Turns: 7272, Time: 00:14:14

Health: -6/45      AC:  3    Str: 12    XL:     9   Next: 10%
Magic:  18/18      EV: 12    Int: 19    God:    Vehumet [*.....]
Gold:   259        SH:  0    Dex: 10    Spells: 8/21 levels left

rFire    . . .     SeeInvis +   b - +0 whip (freeze)
rCold    . . .     Gourm    .   (no shield)
rNeg     + . .     Faith    .   c - +0 robe
rPois    ∞         Spirit   .   (no helmet)
rElec    +         Reflect  .   (no cloak)
rCorr    .         Harm     .   (no gloves)
MR       .....                  (no boots)
Stlth    +++.......             (no amulet)
Regen    0.2/turn               x - ring of stealth
MPRegen  0.2/turn               w - ring of see invisible

@: corroded, starving
A: negative energy resistance 1, electricity resistance, unbreathing,
petrification resistance, rot immunity, AC +5
a: Renounce Religion


You were on level 6 of the Dungeon.
You worshipped Vehumet.
Vehumet was aware of your devotion.
You were starving.

You visited 2 branches of the dungeon, and saw 7 of its levels.

You collected 259 gold pieces.

Inventory:

Hand Weapons
 b - a +0 whip of freezing (weapon)
 C - a +0 quarterstaff of protection
Missiles
 j - 4 poisoned javelins (quivered)
Armour
 c - a +0 robe (worn)
 B - a +0 shield
Jewellery
 w - a ring of see invisible (right hand)
 x - a ring of stealth (left hand)
Wands
 y - a wand of iceblast (10/15)
 D - a wand of random effects (19/48)
Scrolls
 a - 2 scrolls of recharging {unknown}
 f - a scroll of random uselessness {unknown}
 i - 2 scrolls of remove curse {unknown}
 k - 4 scrolls of teleportation {unknown}
 l - 5 scrolls of identify {unknown}
 m - 2 scrolls of fog {unknown}
 p - a scroll of blinking {unknown}
 r - 3 scrolls of enchant armour {unknown}
Potions
 g - 2 potions of might {unknown}
 q - a potion of degeneration {unknown}
 t - 2 potions of curing {unknown}
 u - 2 potions of magic {unknown}
 v - 2 potions of heal wounds {unknown}
 z - 3 potions of haste {unknown}
 A - a potion of brilliance {unknown}
Books
 e - a book of Geomancy

   Spells                             Type                      Level
   a - Sandblast                      Earth                        1
   b - Passwall                       Transmutation/Earth          2
   c - Stone Arrow                    Conjuration/Earth            3
   d - Petrify                        Transmutation/Earth          4
   e - Lee's Rapid Deconstruction     Earth                        5
 o - a book of Callings

   Spells                             Type                      Level
   a - Summon Small Mammal            Summoning                    1
   b - Call Imp                       Summoning                    2
   c - Call Canine Familiar           Summoning                    3
   d - Summon Guardian Golem          Hexes/Summoning              3
   e - Summon Lightning Spire         Summoning/Air                4
   f - Summon Ice Beast               Ice/Summoning                4
Comestibles
 d - 5 bread rations
 h - 4 meat rations
 n - a royal jelly
 s - 5 fruits


   Skills:
 - Level 1.5 Dodging
 - Level 2.1 Stealth
 + Level 6.5 Spellcasting
 + Level 6.7 Conjurations
 - Level 0.7 Transmutations
 + Level 8.8 Earth Magic


You had 8 spell levels left.
You knew the following spells:

 Your Spells              Type           Power        Failure   Level  Hunger
a - Sandblast             Erth           #####.       1%          1    None
b - Stone Arrow           Conj/Erth      #####.       1%          3    ##.....
c - Lee's Rapid Deconstr  Erth           #####.....   8%          5    #####..
d - Petrify               Tmut/Erth      ###.....     14%         4    ####...


Dungeon Overview and Level Annotations

Branches:
Dungeon (6/15)             Temple (1/1) D:4

Altars:
Ashenzari
Cheibriados
Dithmenos
Elyvilon
Fedhas
Gozag
Hepliaklqana
Kikubaaqudgha
Nemelex Xobeh
Okawaru
Qazlal
Sif Muna
Trog
Uskayaw
Vehumet
Xom
Yredelemnul
Zin


Innate Abilities, Weirdness & Mutations

You are resistant to torment.
Your stone body is resilient. (AC +5)
You are immune to poison.
You resist negative energy. (rN+)
You are resistant to electric shocks. (rElec)
You can survive without breathing.
You are immune to petrification.
You are immune to rotting.


Message History

You hit the jelly but do no damage.
Your hands burn!
The jelly is moderately wounded.
The jelly closely misses you.
You hit the jelly but do no damage.
Your hands burn!
The jelly is moderately wounded.
The jelly hits you.
You are splashed with acid!
The acid burns!
You hit the jelly. You freeze the jelly.
Your hands burn!
The jelly is heavily wounded.
The jelly closely misses you.
You hit the jelly. You freeze the jelly.
Your hands burn!
* * * LOW HITPOINT WARNING * * *
The jelly is severely wounded.
The jelly hits you.
* * * LOW HITPOINT WARNING * * *
The acid corrodes you!
You are splashed with acid!
The acid burns!
* * * LOW HITPOINT WARNING * * *
The jelly hits you.
* * * LOW HITPOINT WARNING * * *
You are splashed with acid!
The acid burns!
You die...

..## ....# ..# #.....# ..#
#.....# ..# #....# ..# #....#
..# #....####### ..###
###+####+##..........# .....
.....................# .....
.......@.............# .....
......J).............# .....
.....................#
#####+####......######....#####
.........#......#....#....#
.........+......#....'....#
.........#......#....#....#
.........#......#....######
...##....# #.....#


You could see a jelly.

Vanquished Creatures
  Pikel (D:5)
  Menkaure (D:5)
  2 sky beasts
  3 slaves (D:5)
  A phantom (D:4)
  An ogre (D:4)
  A necrophage (D:5)
  Blork the orc (D:4)
  A scorpion (D:4)
  3 howler monkeys (D:5)
  A crimson imp (D:5)
  A quasit (D:5)
  A centaur zombie (D:6)
  4 hounds
  A jelly (D:5)
  4 orc wizards
  A centaur skeleton (D:5)
  2 worker ants
  A howler monkey zombie (D:5)
  An adder (D:2)
  A shadow imp (D:6)
  An adder skeleton (D:5)
  2 worms
  4 dart slugs
  6 leopard geckos
  7 orcs
  A ball python (Temple)
  9 giant cockroaches
  9 hobgoblins
  10 jackals
  3 quokkas
  11 bats
  7 frilled lizards
  10 goblins
  8 kobolds
  8 rats
129 creatures vanquished.

Notes
Turn   | Place    | Note
-------+----------+-------------------------------------------
     0 | D:1      | Name63 the Gargoyle Earth Elementalist began the quest for the Orb.
     0 | D:1      | Reached XP level 1. HP: 10/10 MP: 3/3
   261 | D:1      | Reached XP level 2. HP: 15/15 MP: 5/5
   494 | D:1      | Reached skill level 4 in Earth Magic
   804 | D:1      | Reached XP level 3. HP: 9/19 MP: 4/7
   809 | D:1      | Learned a level 3 spell: Stone Arrow
  1754 | D:2      | Reached XP level 4. HP: 24/24 MP: 0/8
  2585 | D:3      | Reached skill level 1 in Conjurations
  3295 | D:3      | Found a blossoming altar of Fedhas.
  3301 | D:3      | Found a bloodstained altar of Trog.
  3744 | D:4      | Reached XP level 5. HP: 28/28 MP: 10/10
  3781 | D:4      | Reached skill level 5 in Earth Magic
  4154 | D:4      | Found a staircase to the Ecumenical Temple.
  4161 | Temple   | Entered the Ecumenical Temple
  4180 | Temple   | Became a worshipper of Vehumet
  4454 | D:4      | Noticed a phantom
  4461 | D:4      | Killed a phantom
  4461 | D:4      | Reached XP level 6. HP: 24/32 MP: 4/12
  4819 | D:4      | Reached skill level 6 in Earth Magic
  4821 | D:4      | Reached XP level 7. HP: 26/36 MP: 0/13
  5004 | D:4      | Noticed Blork the orc
  5468 | D:4      | Killed Blork the orc
  5681 | D:4      | Found a staircase to the Ecumenical Temple.
  6049 | D:5      | Entered Level 5 of the Dungeon
  6082 | D:5      | Reached skill level 5 in Spellcasting
  6086 | D:5      | Reached skill level 7 in Earth Magic
  6089 | D:5      | Noticed Menkaure
  6185 | D:5      | Killed Menkaure
  6185 | D:5      | Reached XP level 8. HP: 41/41 MP: 10/16
  6190 | D:5      | Reached skill level 5 in Conjurations
  6427 | D:5      | Reached * piety under Vehumet
  6427 | D:5      | Offered knowledge of Flame Tongue by Vehumet.
  6503 | D:5      | Learned a level 5 spell: Lee's Rapid Deconstruction
  6508 | D:5      | Learned a level 4 spell: Petrify
  6513 | D:5      | Noticed Pikel
  6685 | D:5      | Killed Pikel
  6685 | D:5      | Reached skill level 8 in Earth Magic
  6941 | D:5      | Reached XP level 9. HP: 45/45 MP: 14/18
  7272 | D:6      | HP: 2/45 [acid (8)]
  7272 | D:6      | Splashed by a jelly's acid

Skill      XL: |  1  2  3  4  5  6  7  8 |
---------------+-------------------------+-----
Earth Magic    | 4 5 6 7 8 |  8.8
Spellcasting   | 3 4 5 6 |  6.5
Conjurations   | 1 2 3 4 6 |  6.7
Dodging        | |  1.5
Stealth        | |  2.1
Transmutations | |  0.7

Action                   |  1- 3 |  4- 6 |  7- 9 || total
-------------------------+-------+-------+-------++-------
Melee: Dagger            |    55 |       |       ||    55
       Unarmed           |     7 |       |       ||     7
       Club              |   113 |   169 |    20 ||   302
       Whip              |       |       |    62 ||    62
Throw: Javelin           |       |       |     2 ||     2
 Cast: Sandblast         |    19 |    44 |    57 ||   120
       Stone Arrow       |     6 |     9 |    19 ||    34
 Stab: Sleeping          |     4 |     5 |       ||     9
  Eat: Chunk             |     4 |     9 |     7 ||    20
       Fruit             |       |       |     1 ||     1
Armor: Robe              |    77 |    91 |    33 ||   201
Dodge: Dodged            |   180 |   188 |    48 ||   416
